 Dungeon Crawl Stone Soup version 0.29-a0-330-g52719c12eb (webtiles) character file.

Game seed: 12041535630103319563

567 Crownlay the Digger (level 7, -2/52 HPs)
             Began as a Gnoll Wanderer on May 24, 2022.
             Slain by Edmund
             ... wielding a +2 flail of holy wrath
              (12 damage)
             ... on level 4 of the Dungeon.
             The game lasted 00:08:13 (5185 turns).

Crownlay the Digger (Gnoll Wanderer)                Turns: 5185, Time: 00:08:14

Health: -2/52      AC:  1    Str: 10    XL:     7   Next: 33%
Magic:  1/12       EV: 14    Int: 15    God:
Gold:   193        SH:  0    Dex: 17    Spells: 9/13 levels left

rFire   + . .      SeeInvis .   p - +3 hand axe (flame)
rCold   . . .      Faith    .   (no shield)
rNeg    + . .      Spirit   .   d - +0 robe
rPois   .          Reflect  .   (no helmet)
rElec   .          Harm     .   (no cloak)
rCorr   .          Rampage  .   (no gloves)
Will    +....                   t - +2 pair of boots of Melancholy {*Corrode rF+ rN+}
Stlth   ++........              (no amulet)
HPRegen 0.17/turn               q - +6 ring of dexterity
MPRegen 0.13/turn               s - ring of willpower

@: about to teleport, corroded
A: fangs 1, strong nose, distributed training
a: no special abilities


You were on level 4 of the Dungeon.
You visited 1 branch of the dungeon, and saw 5 of its levels.

You collected 193 gold pieces.

Inventory:

Hand Weapons
 a - a +0 dagger
 o - a +2 hand crossbow
 p - a +3 hand axe of flaming (weapon)
Missiles
 c - 102 stones
Armour
 d - a +0 robe (worn)
 t - the +2 pair of boots of Melancholy (worn) {*Corrode rF+ rN+}
   (You found it on level 5 of the Dungeon)

   rF:        It protects you from fire.
   rN:        It protects you from negative energy.
   *Corrode:  It may corrode you when you take damage.
Jewellery
 q - a +6 ring of dexterity (left hand)
 s - a ring of willpower (right hand)
Scrolls
 b - 2 scrolls of identify
 i - a scroll of teleportation
 m - a scroll of amnesia
Potions
 e - a potion of berserk rage {unknown}
 g - a potion of brilliance {unknown}
 j - 2 potions of curing {unknown}
 k - a potion of heal wounds
 l - a potion of attraction {unknown}
 n - a potion of ambrosia {unknown}
 r - a potion of lignification {unknown}


   Skills:
 + Level 3.5 Fighting
 + Level 2.4 Short Blades
 + Level 2.4 Long Blades
 + Level 2.4 Axes
 + Level 2.4 Maces & Flails
 + Level 2.4 Polearms
 + Level 2.4 Staves
 + Level 2.4 Slings
 + Level 2.4 Bows
 + Level 2.4 Crossbows
 + Level 2.4 Throwing
 + Level 3.5 Armour
 + Level 5.2 Dodging
 + Level 2.4 Stealth
 + Level 2.4 Shields
 + Level 2.4 Unarmed Combat
 + Level 3.7 Spellcasting
 + Level 2.0 Conjurations
 + Level 2.0 Hexes
 + Level 2.0 Summonings
 + Level 2.0 Necromancy
 + Level 4.3 Translocations
 + Level 2.0 Transmutations
 + Level 2.0 Fire Magic
 + Level 2.0 Ice Magic
 + Level 2.0 Air Magic
 + Level 5.8 Earth Magic
 + Level 2.0 Poison Magic
 + Level 2.6 Invocations
 + Level 2.4 Evocations


You had 9 spell levels left.
You knew the following spells:

 Your Spells              Type           Power      Damage    Failure   Level
a - Sandblast             Erth           40%        2d10      1%          1
b - Stone Arrow           Conj/Erth      28%        3d8       11%         3

Your spell library contained the following spells:

 Spells                   Type           Power      Damage    Failure   Level
 Apportation              Tloc           30%        N/A       3%          1
 Beastly Appendage        Tmut           16%        N/A       9%          1
 Lesser Beckoning         Tloc           15%        N/A       10%         3
 Static Discharge         Conj/Air       8%         N/A       12%         2
 Wereblood                Tmut           8%         N/A       12%         2
 Ozocubu's Armour         Ice            8%         N/A       24%         3
 Spider Form              Tmut/Pois      8%         N/A       24%         3
 Summon Guardian Golem    Hex/Summ       8%         N/A       24%         3
 Leda's Liquefaction      Hex/Erth       7%         N/A       36%         4
 Lightning Bolt           Conj/Air       4%         1d15      92%         5
 Metabolic Englaciation   Hex/Ice        4%         N/A       92%         5
 Simulacrum               Ice/Necr       4%         N/A       100%        6
 Orb of Destruction       Conj           4%         9d5       100%        7
 Spellforged Servitor     Conj/Summ      4%         N/A       100%        7
 Maxwell's Capacitive Co  Air            4%         ∞         100%        8


Dungeon Overview and Level Annotations

Branches:
Dungeon (5/15)
 Temple: D:4-7

Altars:
Makhleb

Annotations:
D:4 Edmund


Innate Abilities, Weirdness & Mutations

You have very sharp teeth.
Your uncanny sense of smell can sniff out nearby items.
Your experience applies equally to all skills.


Message History

Edmund hits you with a +2 flail of holy wrath!
Okay, then.
Edmund attacks as you move away! Edmund misses you.
Edmund attacks as you move away! Edmund barely misses you.
Edmund clears his throat.
Edmund attacks as you move away!
Edmund hits you with a +2 flail of holy wrath.
Edmund attacks as you move away!
Edmund hits you with a +2 flail of holy wrath.
Edmund attacks as you move away!
Edmund hits you with a +2 flail of holy wrath.
You miscast Stone Arrow.
You are very lightly contaminated with residual magic.
Nothing appears to happen.
Edmund hits you with a +2 flail of holy wrath!
Okay, then.
Okay, then.
Your +3 hand axe of flaming bursts into flame!
p - a +3 hand axe of flaming (weapon)
You hit Edmund but do no damage. You bite Edmund, but do no damage.
Edmund is heavily wounded.
Edmund hits you with a +2 flail of holy wrath.
You feel much better.
Edmund hits you with a +2 flail of holy wrath.
Your corrosive artefact corrodes you!
You closely miss Edmund.
Edmund is heavily wounded.
Edmund hits you with a +2 flail of holy wrath!
As you read the scroll of teleportation, it crumbles to dust.
You feel strangely unstable.
Edmund hits you with a +2 flail of holy wrath!
Your magical contamination has completely faded away.
You hit Edmund. You burn Edmund.
Edmund is heavily wounded.
Edmund barely misses you.
Edmund hits you with a +2 flail of holy wrath!
* * * LOW HITPOINT WARNING * * *
Edmund attacks as you move away!
Edmund hits you with a +2 flail of holy wrath!
You die...

#.....### #.....# #####
#.......## #..#### #........#
#..# #........#####..#
#.#...##........#
#.#...##..#####.# #.....##..#
#.# ####..##..# #@# # #..##..#
#@# # #..##.)# #.# #
####..##..#####.# #
#.....#.........# #
#.###.....####### #.#
#...........#
#.###.###.#####.##############
#.....# #.#
#...............### ###.###
#.# #.#...)............


You could see Edmund.

Vanquished Creatures
  Sigmund (D:2)
  A phantom (D:4)
  Blork the orc (D:4)
  An iguana (D:4)
  Terence (D:2)
  An orc wizard (D:4)
  4 adders
  5 gnolls (D:3)
  An ufetubus (D:4)
  4 worms
  8 orcs
  6 bats
  5 endoplasms
  5 giant cockroaches
  9 goblins
  6 hobgoblins
  2 jackals (D:4)
  7 kobolds
  4 quokkas
  8 ball pythons
  A frilled lizard (D:2)
  8 rats
89 creatures vanquished.

Notes
Turn   | Place    | Note
-------+----------+-------------------------------------------
     0 | D:1      | Crownlay the Gnoll Wanderer began the quest for the Orb.
     0 | D:1      | Crownlay set off with the following items: a +0 dagger, a
                  | scroll of fear, 31 stones, a +0 robe, a +0 pair of boots;
                  | and the following spells available to memorise: Sandblast,
                  | Apportation, Lesser Beckoning, Stone Arrow, Leda's
                  | Liquefaction
     0 | D:1      | Reached XP level 1. HP: 17/17 MP: 4/4
     2 | D:1      | Learned a level 1 spell: Sandblast
   136 | D:1      | Reached XP level 2. HP: 23/23 MP: 3/5
   384 | D:1      | Found a faded altar of an unknown god.
  1045 | D:2      | Noticed Terence
  1129 | D:2      | Reached XP level 3. HP: 28/28 MP: 7/7
  1134 | D:2      | Learned a level 3 spell: Stone Arrow
  1269 | D:2      | Found a burning altar of Makhleb.
  1954 | D:2      | Noticed Sigmund
  1959 | D:2      | Killed Sigmund
  1960 | D:2      | Reached skill level 1 in Short Blades
  1960 | D:2      | Reached skill level 1 in Long Blades
  1960 | D:2      | Reached skill level 1 in Axes
  1960 | D:2      | Reached skill level 1 in Maces & Flails
  1960 | D:2      | Reached skill level 1 in Polearms
  1960 | D:2      | Reached skill level 1 in Staves
  1960 | D:2      | Reached skill level 1 in Slings
  1960 | D:2      | Reached skill level 1 in Bows
  1960 | D:2      | Reached skill level 1 in Crossbows
  1960 | D:2      | Reached skill level 1 in Throwing
  1960 | D:2      | Reached skill level 1 in Stealth
  1960 | D:2      | Reached skill level 1 in Shields
  1960 | D:2      | Reached skill level 1 in Unarmed Combat
  1960 | D:2      | Reached skill level 1 in Conjurations
  1960 | D:2      | Reached skill level 1 in Hexes
  1960 | D:2      | Reached skill level 1 in Summonings
  1960 | D:2      | Reached skill level 1 in Necromancy
  1960 | D:2      | Reached skill level 1 in Transmutations
  1960 | D:2      | Reached skill level 1 in Fire Magic
  1960 | D:2      | Reached skill level 1 in Ice Magic
  1960 | D:2      | Reached skill level 1 in Air Magic
  1960 | D:2      | Reached skill level 1 in Poison Magic
  1960 | D:2      | Reached skill level 1 in Invocations
  1960 | D:2      | Reached skill level 1 in Evocations
  1960 | D:2      | Reached XP level 4. HP: 25/35 MP: 2/8
  1960 | D:2      | Reached XP level 5. HP: 29/41 MP: 2/9
  2195 | D:2      | Killed Terence
  2865 | D:3      | Reached XP level 6. HP: 43/47 MP: 10/10
  3591 | D:3      | Reached skill level 5 in Dodging
  4091 | D:4      | You fall into a shaft and drop 1 floor!
  4091 | D:5      | Entered Level 5 of the Dungeon
  4171 | D:5      | Identified the +2 pair of boots of Melancholy {*Corrode rF+
                  | rN+}
  4337 | D:4      | Reached XP level 7. HP: 52/52 MP: 3/12
  4530 | D:4      | Noticed Edmund
  4921 | D:4      | Noticed Blork the orc
  4929 | D:4      | Killed Blork the orc
  5185 | D:4      | Slain by Edmund

Illustrated notes

Levels and vault maps discovered:
D:1:      dpeg_arrival_tiny_k, layout_basic,
          shapermc_ecumenical_altar_mp_vishouse
D:2:      layout_basic, basic_altar, uniq_terence, uniq_sigmund
D:3:      minmay_octagon_keep, layout_loops_cross
D:4:      layout_loops_ring, uniq_edmund, uniq_blork_the_orc
D:5:      layout_basic, minmay_temple_entry_drinking_statues, grunt_decor_cap,
          uniq_pikel

Skill      XL: |  1  2  3  4  5  6  7 |
---------------+----------------------+-----
Fighting       | 3 |  3.5
Short Blades   | 1 2 |  2.4
Long Blades    | 1 2 |  2.4
Axes           | 1 2 |  2.4
Maces & Flails | 1 2 |  2.4
Polearms       | 1 2 |  2.4
Staves         | 1 2 |  2.4
Slings         | 1 2 |  2.4
Bows           | 1 2 |  2.4
Crossbows      | 1 2 |  2.4
Throwing       | 1 2 |  2.4
Armour         | 3 |  3.5
Stealth        | 1 2 |  2.4
Shields        | 1 2 |  2.4
Unarmed Combat | 1 2 |  2.4
Spellcasting   | 3 |  3.7
Conjurations   | 1 2 |  2.0
Hexes          | 1 2 |  2.0
Summonings     | 1 2 |  2.0
Necromancy     | 1 2 |  2.0
Translocations | 4 |  4.3
Transmutations | 1 2 |  2.0
Fire Magic     | 1 2 |  2.0
Ice Magic      | 1 2 |  2.0
Air Magic      | 1 2 |  2.0
Poison Magic   | 1 2 |  2.0
Invocations    | 1 2 |  2.6
Evocations     | 1 2 |  2.4
Dodging        | 5 |  5.2
Earth Magic    | |  5.8

Action                   |  1- 3 |  4- 6 |  7- 9 || total
-------------------------+-------+-------+-------++-------
Melee: Dagger            |    91 |    61 |       ||   152
       Bite              |     8 |     8 |     1 ||    17
       Punch             |     1 |     1 |       ||     2
       Hand axe          |       |       |     3 ||     3
 Fire: Hand crossbow     |       |    64 |    26 ||    90
 Cast: Sandblast         |    20 |    40 |     2 ||    62
       Stone Arrow       |     2 |     9 |    11 ||    22
  Use: Scroll            |     1 |     3 |     2 ||     6
       Potion            |       |       |     1 ||     1
 Stab: Sleeping          |       |     4 |       ||     4
Armor: Robe              |    21 |    26 |     6 ||    53
Dodge: Dodged            |    68 |    87 |    26 ||   181

Table legend: (Time is in decaauts)
 A = Elapsed time spent in this place.
 B = Non-inter-level travel time spent in this place.
 C = Inter-level travel time spent in this place.
 D = Time resting spent in this place.
 E = Time spent auto-exploring this place.
 F = Levels seen in this place.
 G = Mean time per level.
                   A        B        C        D        E       F      G
               +--------+--------+--------+--------+--------+-----+--------+
         Total |   5215 |   5035 |    180 |     26 |   4251 |   5 | 1043.0 |
       Dungeon |   5215 |   5035 |    180 |     26 |   4251 |   5 | 1043.0 |
               +--------+--------+--------+--------+--------+-----+--------+

Top non-repeatable levels by time:
     D:2: 1554 daAuts
     D:3: 1388 daAuts
     D:1: 1278 daAuts
     D:4: 889 daAuts
     D:5: 105 daAuts
